AoeStats
← fcn2004

MegaRandom

506477162Analyzed
3v3 RM · 20d ago on Sep 13, 2026· 65m 45s· 6 players
Game mode
Random Map
Map size
Normal (6 player)
Population
200
Speed
Normal
Resources
Standard
Victory
Conquest
Starting age
Dark Age
Ending age
Imperial Age
RankedLock teamsTeams togetherTeam positionsShared explorationLock speedFull tech treeHidden civsTurbo modeCheats
Victory
Defeat
🇫🇷 Japanese · France
905
+17
🇸🇰 Koreans · Slovakia
856
+19
🇸🇰 Romans · Slovakia
854
+20
🇩🇪 Bulgarians · Germany
931
-19
🇩🇪 Japanese · Germany
930
-19
🇩🇪 Persians · Germany
923
-18
F-I-R-O
5:27 Loom
11:46 Feudal Age
16:05 Castle Age
15:41 Double-Bit Axe
15:38 Horse Collar
16:09 Gold Mining
16:11 Stone Mining
27:33 Arson
30:56 Wheelbarrow
32:59 Hand Cart
32:35 Town Watch
36:31 Imperial Age
35:08 Squires
36:06 Forging
35:56 Scale Mail Armor
36:08 Bow Saw
35:59 Heavy Plow
36:35 Gold Shaft Mining
37:43 Conscription
36:43 Elite Samurai
37:27 Gambesons
37:03 Man-at-Arms
39:20 Chain Mail Armor
39:41 Iron Casting
40:53 Kataparuto
41:12 Plate Mail Armor
41:03 Heavy Scorpion
47:54 Blast Furnace
50:49 Crossbowman
51:34 Thumb Ring
51:33 Arbalester
56:19 Padded Archer Armor
56:10 Fletching
60:52 Leather Archer Armor
60:32 Bodkin Arrow
61:39 Two-Man Saw
64:22 Bracer
64:53 Ring Archer Armor
64:46 Ballistics
65:27 Chemistry
Emko
13:37 Feudal Age
14:05 Double-Bit Axe
14:04 Horse Collar
19:31 Castle Age
21:05 Bow Saw
20:58 Heavy Plow
28:21 Gold Mining
28:21 Stone Mining
28:55 Fletching
29:18 Thumb Ring
28:41 Crossbowman
32:48 Wheelbarrow
31:59 Loom
32:57 Eupseong
36:25 Stone Shaft Mining
36:25 Gold Shaft Mining
36:12 Ballistics
35:48 Murder Holes
36:04 Masonry
35:35 Treadmill Crane
41:11 Imperial Age
42:09 Hand Cart
43:33 Shinkichon
43:35 Conscription
43:35 Elite Fire Lancer
44:00 Arson
44:16 Squires
44:01 Gambesons
44:33 Heavy Rocket Cart
47:59 Chemistry
47:29 Architecture
47:05 Siege Engineers
47:54 Arrowslits
49:34 Bodkin Arrow
49:49 Forging
49:40 Scale Mail Armor
49:45 Scale Barding Armor
50:36 Arbalester
53:30 Caravan
61:32 Bracer
61:48 Chain Mail Armor
TheWeirdStranger
14:02 Feudal Age
20:11 Castle Age
18:04 Double-Bit Axe
18:01 Horse Collar
24:53 Squires
28:13 Heavy Plow
31:00 Scale Mail Armor
31:10 Forging
30:26 Pikeman
33:22 Coinage
33:11 Bow Saw
37:01 Fortified Wall
37:03 Masonry
36:50 Murder Holes
40:17 Chain Mail Armor
39:25 Man-at-Arms
41:43 Ballistics
42:04 Wheelbarrow
41:18 Loom
41:22 Town Watch
46:13 Imperial Age
44:03 Hand Cart
44:47 Town Patrol
44:11 Long Swordsman
45:43 Ballistas
46:23 Halberdier
47:42 Iron Casting
46:32 Heavy Scorpion
48:38 Chemistry
48:09 Architecture
47:35 Gold Mining
49:43 Conscription
50:43 Gold Shaft Mining
50:32 Legionary
52:16 Caravan
52:46 Banking
52:26 Guilds
52:42 Capped Ram
54:19 Siege Ram
56:35 Comitatenses
61:53 Crop Rotation
64:05 Blast Furnace
Jiwisd
10:21 Feudal Age
11:15 Loom
19:50 Castle Age
18:13 Double-Bit Axe
18:25 Horse Collar
21:48 Stone Mining
22:02 Heavy Plow
22:19 Bow Saw
22:28 Gold Mining
25:40 Forging
25:31 Scale Mail Armor
28:00 Iron Casting
27:40 Chain Mail Armor
28:46 Murder Holes
36:36 Imperial Age
34:42 Wheelbarrow
33:53 Town Watch
35:59 Hand Cart
36:19 Yasama
38:16 Elite Samurai
42:38 Chemistry
41:59 Ballistics
43:40 Kataparuto
47:52 Light Cavalry
48:43 Bloodlines
48:33 Husbandry
49:38 Blast Furnace
49:08 Plate Mail Armor
48:31 Fletching
48:41 Padded Archer Armor
50:11 Fletching
50:22 Padded Archer Armor
54:19 Elite Skirmisher
55:05 Thumb Ring
61:06 Leather Archer Armor
60:46 Bodkin Arrow
61:49 Capped Ram
63:53 Hoardings
captain_shadow26
6:04 Loom
12:35 Feudal Age
13:27 Double-Bit Axe
18:44 Castle Age
18:11 Horse Collar
20:46 Bow Saw
25:54 Heavy Plow
28:38 Gold Mining
28:44 Stone Mining
30:32 Stone Shaft Mining
30:32 Gold Shaft Mining
35:01 Imperial Age
32:18 Town Watch
32:51 Scale Barding Armor
32:57 Forging
33:16 Scale Mail Armor
34:33 Iron Casting
35:01 Chain Barding Armor
35:50 Chain Mail Armor
35:36 Stirrups
36:21 Elite Konnik
36:50 Pikeman
38:26 Bagains
39:54 Plate Barding Armor
40:20 Blast Furnace
39:51 Plate Mail Armor
39:48 Squires
39:34 Gambesons
41:13 Wheelbarrow
47:50 Hand Cart
53:49 Halberdier
53:58 Onager
55:47 Siege Onager
fcn2004
11:13 Feudal Age
17:00 Castle Age
16:52 Double-Bit Axe
41:50 Forging
41:46 Scale Barding Armor
41:06 Elite Skirmisher
49:14 Fletching
49:26 Padded Archer Armor
56:23 Imperial Age
56:55 Leather Archer Armor
56:45 Bodkin Arrow
62:03 Bow Saw
63:56 Cavalier
64:58 Bloodlines
Connection lost

Rejoining the realm…

Still unreachable

The connection could not be restored.

Session expired

The server has moved on; the page needs a fresh start.